 Dungeon Crawl Stone Soup version 0.22.1-1-ga44c0e56f4 (webtiles) character file.

598 Ihlosi the Skirmisher (level 7, -2/78 HPs)
             Began as an Ogre Fighter on Oct 29, 2018.
             Slain by a water moccasin (8 damage)
             ... on level 5 of the Dungeon.
             The game lasted 00:13:26 (4507 turns).

Ihlosi the Skirmisher (Ogre Fighter)                Turns: 4507, Time: 00:13:28

Health: -2/78      AC:  3    Str: 21    XL:     7   Next: 40%
Magic:  7/7        EV:  6    Int:  9    God:
Gold:   161        SH: 13    Dex: 10    Spells: 6/6 levels left

rFire    . . .     SeeInvis .   a - +1 flail
rCold    . . .     Gourm    .   r - +0 large shield
rNeg     . . .     Faith    .   b - +0 robe
rPois    .         Spirit   .   (helmet restricted)
rElec    .         Reflect  .   (no cloak)
rCorr    .         Harm     .   (gloves unavailable)
MR       .....                  (boots unavailable)
Stlth    ++........             (no amulet)
HPRegen  0.23/turn              e - ring of stealth
MPRegen  0.10/turn              i - +3 ring of slaying

@: lethally poisoned (-2 -> -16)
A: large, unfitting armour, tough skin 1
a: no special abilities


You were on level 5 of the Dungeon.
You were very hungry.

You visited 1 branch of the dungeon, and saw 5 of its levels.

You collected 161 gold pieces.

Inventory:

Hand Weapons
 a - a +1 flail (weapon)
 d - a +0 long sword
 k - a cursed -2 falchion
Missiles
 h - 5 javelins (quivered)
Armour
 b - a +0 robe (worn)
 c - a +0 shield
 r - a +0 large shield (worn)
Jewellery
 e - a ring of stealth (left hand)
 i - a +3 ring of slaying (right hand)
Scrolls
 j - 2 scrolls of teleportation
 l - 5 scrolls of identify {unknown}
 n - 2 scrolls of enchant armour {unknown}
 q - a scroll of magic mapping {unknown}
Comestibles
 f - 9 rations


   Skills:
 * Level 7.1 Fighting
 + Level 5.0 Maces & Flails
 * Level 2.1 Armour
 - Level 3.0 Dodging
 - Level 3.0 Shields


You had 6 spell levels left.
You didn't know any spells.
Your spell library was empty.

Dungeon Overview and Level Annotations

Branches:
Dungeon (5/15)
 Temple: D:4-7

Altars:
Ru
Vehumet

Annotations:
D:3 Grinder


Innate Abilities, Weirdness & Mutations

You are too large for most types of armour.
You have tough skin. (AC +1)


Message History

The water moccasin is lightly wounded.
You feel sick. The water moccasin bites you.
* * * LOW HITPOINT WARNING * * *
You are lethally poisoned!
The water moccasin poisons you!
* * * LOW HITPOINT WARNING * * *
You feel sick.
The water moccasin bites you but does no damage.
As you read the scroll labeled GOLIAGHA YNIAS, it crumbles to dust.
It is a scroll of enchant weapon.
Your +0 flail glows red for a moment.
* * * LOW HITPOINT WARNING * * *
You feel sick. You block the water moccasin's attack.
As you read the scroll labeled CAICVAJIAT, it crumbles to dust.
You feel blessed for a moment.
It was a scroll of remove curse.
* * * LOW HITPOINT WARNING * * *
You feel sick.
The leopard gecko hisses menacingly.
You block the water moccasin's attack. The water moccasin bites you!
You die...

#########l#
#.......#S#
#.......#.#
#.......#.#
#...%.....#
####......### #
#..........
#.#####......####
#..@SOl.........
#######.......#.#
#######.# . .# #


You could see a water moccasin, an ogre and a leopard gecko.

Vanquished Creatures
  A bullfrog (D:5)
  A scorpion (D:4)
  2 hounds
  2 orc priests (D:4)
  An iguana (D:4)
  Terence (D:2)
  2 orc wizards
  3 worker ants
  A hound skeleton (D:4)
  2 worker ant zombies (D:5)
  3 adders
  3 gnolls (D:4)
  An ooze (D:4)
  A worm (D:2)
  4 dart slugs
  2 leopard geckos
  8 orcs
  4 giant cockroaches
  5 hobgoblins
  8 jackals (D:2)
  2 quokkas (D:2)
  3 ball pythons
  9 bats
  5 frilled lizards
  5 goblins (D:1)
  11 kobolds
  7 rats
97 creatures vanquished.

Notes
Turn   | Place    | Note
-------+----------+-------------------------------------------
     0 | D:1      | Ihlosi the Ogre Fighter began the quest for the Orb.
     0 | D:1      | Reached XP level 1. HP: 24/24 MP: 1/1
    85 | D:1      | Reached XP level 2. HP: 32/32 MP: 2/2
   571 | D:1      | Reached XP level 3. HP: 35/40 MP: 3/3
  1660 | D:2      | Reached XP level 4. HP: 26/49 MP: 4/4
  1866 | D:2      | Found a radiant altar of Vehumet.
  2261 | D:3      | Noticed Terence
  2278 | D:2      | Killed Terence
  2278 | D:2      | Reached skill level 5 in Fighting
  2278 | D:2      | Reached skill level 1 in Armour
  2280 | D:2      | Reached XP level 5. HP: 8/57 MP: 5/5
  2615 | D:3      | Found a sacrificial altar of Ru.
  2703 | D:3      | Noticed Grinder
  2938 | D:4      | Reached XP level 6. HP: 44/67 MP: 6/6
  3220 | D:4      | Reached skill level 6 in Fighting
  4054 | D:5      | Entered Level 5 of the Dungeon
  4086 | D:5      | Noticed an ice beast
  4209 | D:4      | Reached XP level 7. HP: 75/76 MP: 7/7
  4421 | D:5      | Reached skill level 7 in Fighting
  4463 | D:5      | Reached skill level 5 in Maces & Flails
  4481 | D:5      | Identified a scroll of acquirement
  4507 | D:5      | Slain by a water moccasin

Skill      XL: |  1  2  3  4  5  6  7 |
---------------+----------------------+-----
Maces & Flails | 2 3 4 5 |  5.0
Shields        | 3 |  3.0
Dodging        | 3 |  3.0
Fighting       | 5 6 7 |  7.1
Armour         | 1 2 |  2.1

Action                   |  1- 3 |  4- 6 |  7- 9 || total
-------------------------+-------+-------+-------++-------
Melee: Flail             |   167 |   171 |    51 ||   389
  Use: Potion            |       |     5 |     2 ||     7
       Scroll            |       |       |     4 ||     4
 Stab: Sleeping          |     9 |     9 |       ||    18
  Eat: Chunk             |     2 |     8 |     1 ||    11
Armor: Robe              |    41 |    22 |     9 ||    72
       Skin              |       |     5 |       ||     5
Dodge: Dodged            |    67 |    62 |    12 ||   141
Block: Shield            |    71 |    54 |     1 ||   126
       Large shield      |       |       |    49 ||    49
